Map: Terrasses de Prion

Players

zidar - Winner!

  • Race: Zerg Zerg
  • League: Silver
  • Spawn Location: 5:00

PositiveIon

  • Race: Protoss Protoss
  • League: Silver
  • Spawn Location: 11:00

VOD

Have the link to the VOD?

Description

Time

  • Played on: May 13, 2016, 11:41 a.m.
  • Length: 13:02
Show
View Real Time Build Order
Export as new Build Order

zidar Zerg - Winner!

Build Orders: Pool First 

Get SALT Encoding   

  12  0:02  Drone  
  13  0:12  Overlord  
  13  0:17  Drone  
  14  0:30  Drone x2  
  16  0:37  Drone  
  17  0:47  Spawning Pool  
  17  0:50  Drone  
  17  1:13  Hatchery  
  17  1:15  Drone  
  17  1:20  Extractor  
  16  1:30  Drone  
  17  1:37  Queen  
  17  1:38  Drone  
  20  1:46  Drone  
  21  1:51  Overlord  
  21  1:55  Drone  
  22  2:06  Zergling x2  
  22  2:13  Queen  
  24  2:29  Metabolic Boost  
  24  2:33  Zergling x2  
  24  2:34  Zergling x2  
  26  2:39  Zergling x2  
  27  2:47  Evolution Chamber  
  26  3:06  Roach Warren, Drone  
  26  3:07  Drone x2  
  28  3:35  Drone x8  
  28  3:39  Zerg Melee Weapons Level 1  
  35  4:12  Spore Crawler  
  35  4:16  Spore Crawler  
  30  4:28  Hatchery  
  30  4:29  Lair  
  29  4:35  Evolution Chamber  
  28  4:39  Queen  
  28  4:44  Drone  
  28  4:45  Extractor, Drone x2  
  33  4:48  Extractor  
  31  4:54  Extractor, Drone x2  
  31  4:55  Drone x3  
  31  4:58  Drone  
  36  5:02  Overlord x2  
  36  5:05  Zerg Ground Armor Level 1  
  36  5:30  Zergling x2  
  36  5:31  Zergling x20  
  36  5:32  Zergling x2  
  48  5:43  Drone  
  49  5:50  Zerg Melee Weapons Level 2  
  49  5:52  Hydralisk Den  
  48  5:57  Infestation Pit  
  47  6:10  Pneumatized Carapace  
  47  6:51  Hydralisk x5  
  45  7:31  Hydralisk x6  
  57  7:44  Overlord  
  57  7:45  Overlord x4  
  57  7:46  Overlord  
  57  8:03  Hydralisk x6  
  57  8:04  Hatchery  
  68  8:15  Zerg Ground Armor Level 2  
  68  8:22  Drone  
  68  8:23  Drone x2  
  71  8:34  Glial Reconstitution  
  71  8:39  Muscular Augments  
  71  8:51  Zerg Missile Weapons Level 1  
  71  8:57  Hydralisk x2  
  71  8:58  Hydralisk  
  77  9:07  Drone x3  
  80  9:20  Drone x6  
  86  9:39  Hydralisk  
  86  9:40  Hydralisk x3  
  94  9:51  Drone x7  
  101  9:58  Extractor  
  100  10:00  Extractor  
  99  10:10  Hive  
  99  10:12  Lurker Den  
  99  10:19  Zergling x10  
  104  10:22  Overlord x4  
  104  10:27  Overseer x3  
  104  10:42  Zergling x22  
  115  11:07  Zergling x6  
  115  11:08  Zergling x16  
  77  11:52  Hydralisk x11  
  77  11:53  Hydralisk x9  
  112  12:42  Zergling x4  
  112  12:43  Zergling x4  
Show
View Real Time Build Order
Export as new Build Order

PositiveIon Protoss 

Build Orders:  

Get SALT Encoding   

  12  0:04  Probe (Chrono Boost)  
  13  0:18  Pylon  
  13  0:19  Probe (Chrono Boost)  
  14  0:30  Probe (Chrono Boost)  
  15  0:38  Gateway  
  15  0:43  Probe (Chrono Boost)  
  15  0:46  Assimilator  
  16  0:56  Probe (Chrono Boost)  
  17  1:07  Probe (Chrono Boost)  
  18  1:17  Probe (Chrono Boost), Assimilator  
  19  1:28  Probe (Chrono Boost)  
  20  1:33  Zealot  
  22  1:52  Assimilator  
  22  1:59  Cybernetics Core  
  22  2:07  Nexus  
  22  2:15  Pylon  
  22  2:18  Probe (Chrono Boost)  
  23  2:33  Probe (Chrono Boost)  
  24  2:37  Pylon  
  24  2:39  Stalker (Chrono Boost)  
  27  2:44  Probe (Chrono Boost)  
  27  2:55  Stargate  
  27  3:08  Stalker (Chrono Boost)  
  27  3:12  Probe  
  30  3:17  Probe  
  31  3:22  Assimilator  
  31  3:26  Mothership Core  
  33  3:28  Probe  
  33  3:32  Stalker (Chrono Boost)  
  36  3:39  Probe  
  34  4:19  Void Ray (Chrono Boost)  
  34  4:21  Probe  
  35  4:31  Pylon  
  35  4:33  Probe  
  36  4:42  Stalker  
  36  4:48  Probe  
  39  4:56  Void Ray (Chrono Boost)  
  43  5:00  Probe  
  43  5:04  Probe  
  45  5:10  Stargate  
  45  5:13  Pylon  
  45  5:16  Probe  
  45  5:19  Probe  
  47  5:28  Probe  
  48  5:31  Probe  
  49  5:40  Probe  
  49  5:42  Void Ray (Chrono Boost)  
  54  5:43  Probe  
  55  5:52  Probe  
  55  5:53  Pylon  
  55  5:55  Probe  
  57  6:06  Void Ray (Chrono Boost)  
  61  6:11  Stalker  
  63  6:24  Void Ray (Chrono Boost)  
  67  6:29  Pylon  
  67  6:31  Probe  
  69  6:32  Probe  
  69  6:38  Assimilator  
  69  6:43  Probe  
  70  6:47  Probe  
  70  6:50  Pylon  
  71  7:00  Probe  
  62  7:17  Probe  
  63  7:29  Probe  
  64  7:43  Forge  
  64  7:45  Pylon  
  64  7:46  Probe  
  64  7:50  Void Ray x2 (Chrono Boost)  
  73  7:53  Probe  
  73  7:56  Stalker  
  73  7:58  Probe  
  77  7:59  Pylon  
  77  8:06  Probe  
  77  8:10  Probe  
  79  8:17  Photon Cannon  
  79  8:18  Probe  
  80  8:22  Probe  
  80  8:26  Photon Cannon  
  81  8:30  Probe  
  81  8:33  Void Ray x2 (Chrono Boost)  
  90  8:36  Protoss Air Weapons Level 1  
  90  8:42  Probe  
  91  8:54  Probe  
  92  9:08  Nexus  
  92  9:10  Pylon  
  92  9:13  Void Ray x2 (Chrono Boost)  
  100  9:20  Photon Cannon  
  100  9:37  Photon Cannon  
  99  9:40  Photon Cannon  
  99  9:46  Stargate, Pylon  
  99  9:54  Photon Cannon  
  99  9:57  Assimilator  
  99  10:01  Assimilator  
  99  10:02  Fleet Beacon  
  99  10:10  Void Ray (Chrono Boost)  
  103  10:24  Probe  
  104  10:28  Probe  
  104  10:31  Probe  
  104  10:35  Probe  
  106  10:36  Pylon  
  106  10:39  Void Ray (Chrono Boost)  
  106  10:40  Probe  
  108  10:43  Void Ray (Chrono Boost), Probe  
  117  10:52  Probe  
  117  10:53  Protoss Air Armor Level 1 (Chrono Boost)  
  117  10:55  Probe  
  119  11:07  Probe  
  120  11:12  Pylon  
  120  11:13  Void Ray  
  78  11:47  Void Ray x2  
  73  11:48  Probe  
  67  11:55  Void Ray  
  67  12:00  Probe  
  69  12:04  Probe  
  70  12:12  Probe  
  70  12:13  Pylon  
  71  12:16  Pylon  
  71  12:24  Probe  
  71  12:27  Probe  
  73  12:36  Probe  
  86  12:44  Probe  
  86  12:48  Probe  
  88  12:55  Fleet Beacon  
Tags
 
Add a new tag
Caveats
  • Supply blocks, unpowered buildings, or Contaminate may cause inaccurate times.
  • Supply counts are checked every 10 seconds.